 Dungeon Crawl Stone Soup version 0.30-a0-739-gea05faddec (webtiles) character file.

Game seed: 10487291744198306281

21 cheesebisquit the Conjurer (level 2, 15/15 HPs)
             Began as a Tengu Conjurer on Feb 4, 2023.
             Quit the game on level 1 of the Dungeon.
             The game lasted 00:02:59 (859 turns).

cheesebisquit the Conjurer (Tengu Conjurer)          Turns: 859, Time: 00:03:00

Health: 15/15      AC:  3    Str:  7    XL:     2   Next: 87%
Magic:  6/6        EV: 12    Int: 18    God:
Gold:   63         SH:  0    Dex: 12    Spells: 4/5 levels left

rFire   . . .      SeeInvis .    f - +0 spear
rCold   . . .      Faith    .    (no shield)
rNeg    . . .      Spirit   .    a - +0 robe
rPois   .          Reflect  .    (helmet restricted)
rElec   .          Harm     .    j - +0 cloak
rCorr   .          Rampage  .    (no gloves)
Will    .....                    (boots unavailable)
Stlth   ++                       (no amulet)
HPRegen 0.22/turn                (no ring)
MPRegen 0.10/turn                (no ring)

@: no status effects
A: beak, talons 3
a: no special abilities


You were on level 1 of the Dungeon.
You visited 1 branch of the dungeon, and saw 1 of its levels.

You collected 63 gold pieces.

Inventory:

Hand Weapons
 f - a +0 spear (weapon)
 g - a +0 short sword
 k - a +0 whip
Armour
 a - a +0 robe (worn)
 j - a +0 cloak (worn)
Jewellery
 i - an amulet of faith
Scrolls
 c - 3 scrolls of identify {unknown}
 d - a scroll of magic mapping {unknown}
 e - a scroll of brand weapon {unknown}
Potions
 b - a potion of magic
 h - a potion of ambrosia {unknown}
 l - a potion of curing {unknown}


   Skills:
 + Level 2.7 Dodging
 - Level 2.0 Stealth
 + Level 2.4 Spellcasting
 + Level 5.7 Conjurations


You had 4 spell levels left.
You knew the following spells:

 Your Spells              Type           Power      Damage    Failure   Level
a - Magic Dart            Conj           88%        1d7       1%          1

Your spell library contained the following spells:

 Spells                   Type           Power      Damage    Failure   Level
 Searing Ray              Conj           44%        2d6       2%          2
 Dazzling Flash           Conj/Hex       24%        N/A       16%         3
 Fulminant Prism          Conj/Hex       6%         3d7       47%         4
 Iskenderun's Mystic Bla  Conj/Tloc      12%        2d5       47%         4


Dungeon Overview and Level Annotations

Branches:
Dungeon (1/15)

Altars:


Innate Abilities, Weirdness & Mutations

You have a beak for a mouth.
You have claws for feet.


Message History

A dart slug comes into view.
The magic dart hits the dart slug.
The dart slug is lightly wounded.
The magic dart hits the dart slug.
The dart slug is severely wounded.
The dart slug launches a dart at you. The slug dart hits you.
The magic dart hits the dart slug.
You kill the dart slug!
HP restored.
An endoplasm comes into view.
The magic dart hits the endoplasm.
You kill the endoplasm!
You can't see any susceptible monsters within range! (Use Z to cast anyway.)
Found a leather armour.
You now have 50 gold pieces (gained 11).
Found a stone staircase leading down.
A goblin comes into view. It is wielding a +0 dagger.
A goblin is nearby!
The magic dart hits the goblin.
You kill the goblin!
You see here a +0 dagger.
A frilled lizard comes into view.
The magic dart hits the frilled lizard.
You kill the frilled lizard!
You see here a frilled lizard corpse.
You now have 63 gold pieces (gained 13).
There is an open door here.
There is an open door here.
l - a purple potion You see here a +0 dagger.
You see here a +0 club.
Done exploring.
Done exploring.
Search for what [Enter for "."]?
Okay, then.
(D) Dungeon
Where to? (Enter - D:1 @ (x,y), ? - help)
Okay, then.
Are you sure you want to abandon this character and quit the game? (Confirm with "yes".)

.# #...#.######.###### .#
#...#.............#
.#######..[##########.##.#
..............### #.##.#
####............# #.##.#
#..........#.# #.##.#
#..##...####.# #.##.#
#..##...####.#####.##.#
#..##)..#....@...>.##.########
####...).....##.########.........
...................# #########.
#.##..##........##.# #.
#.##.......>....##.# #.
#....###.......###.# #.
#########.....####.# #. .#
#........#.....# #####. .#
#.#####.##.####### #.....


There were no monsters in sight!

Vanquished Creatures
  A dart slug (D:1)
  A bat (D:1)
  2 endoplasms (D:1)
  A giant cockroach (D:1)
  3 goblins (D:1)
  2 jackals (D:1)
  2 ball pythons (D:1)
  2 frilled lizards (D:1)
  3 kobolds (D:1)
17 creatures vanquished.

Notes
Turn   | Place    | Note
-------+----------+-------------------------------------------
     0 | D:1      | cheesebisquit the Tengu Conjurer began the quest for the
                  | Orb.
     0 | D:1      | Reached XP level 1. HP: 10/10 MP: 4/4
   263 | D:1      | Reached XP level 2. HP: 15/15 MP: 3/6
   859 | D:1      | Quit the game

Illustrated notes

Levels and vault maps discovered:
D:1:      moated_graveyard_arrival, layout_loops_ring, dk_noncrumbling_3

Action                     || total
---------------------------++-------
   Cast: Magic Dart        ||    26

Table legend: (Time is in decaauts)
 A = Elapsed time spent in this place.
 B = Non-inter-level travel time spent in this place.
 C = Inter-level travel time spent in this place.
 D = Time resting spent in this place.
 E = Time spent auto-exploring this place.
 F = Levels seen in this place.
 G = Mean time per level.
                   A        B        C        D        E       F      G
               +--------+--------+--------+--------+--------+-----+--------+
         Total |    858 |    822 |     36 |      0 |    748 |   1 |  858.0 |
       Dungeon |    858 |    822 |     36 |      0 |    748 |   1 |  858.0 |
               +--------+--------+--------+--------+--------+-----+--------+

Top non-repeatable levels by time:
     D:1: 858 daAuts
